 Dungeon Crawl Stone Soup version 0.32-a0-995-gb4a59205af (webtiles) character file.

Game seed: 11824443915111918257

484 Cedruin the Chopper (level 6, -3/56 HPs)
             Began as a Mountain Dwarf Monk on Apr 22, 2024.
             Was a Believer of Okawaru.
             Slain by a lemure (8 damage)
             ... led by Pikel
             ... on level 5 of the Dungeon.
             The game lasted 00:13:17 (3857 turns).

Cedruin the Chopper (Mountain Dwarf Monk)           Turns: 3857, Time: 00:13:17

Health: -3/56      AC:  8    Str: 13 (15) XL:     6   Next: 88%
Magic:  8/8        EV:  9    Int:  8 (11) God:    Okawaru [**....]
Gold:   401        SH:  0    Dex:  9 (12) Spells: 5/5 levels left

rFire   . . .        a - +1 hand axe
rCold   . . .        d - orb {light}
rNeg    . . .        f - +0 ring mail
rPois   .            r - +0 helmet
rElec   .            (no cloak)
rCorr   +            (no gloves)
SInv    .            q - +0 pair of boots
Will    .....        (no amulet) Stlth
                     j - ring of resist corrosion
HPRegen 0.29/turn    (no ring)
MPRegen 0.11/turn

%: no passive effects
@: confused, brilliant, on berserk cooldown, slowed, glowing, very slow
A: runic magic, artefact enchanting
a: Renounce Religion, Heroism


You were on level 5 of the Dungeon.
You worshipped Okawaru.
Okawaru was pleased with you.
You visited 2 branches of the dungeon, and saw 6 of its levels.

You collected 401 gold pieces.

Inventory:

Hand Weapons
 a - a +1 hand axe (weapon)
Missiles
 g - 5 poisoned darts (quivered)
 m - 4 atropa-tipped darts
Armour
 d - an orb of light (worn)
 f - a +0 ring mail (worn)
 q - a +0 pair of boots (worn)
 r - a +0 helmet (worn)
Jewellery
 j - a ring of resist corrosion (left hand)
Talismans
 n - a beast talisman
Scrolls
 p - a scroll of enchant weapon
 u - 2 scrolls of noise
Potions
 b - 2 potions of curing {unknown}
 c - a potion of ambrosia
 e - 2 potions of brilliance
 k - a potion of might {unknown}
 l - a potion of degeneration
 s - a potion of haste {unknown}
 t - a potion of invisibility {unknown}


   Skills:
 + Level 5.3 Fighting
 + Level 5.7 Axes
 + Level 3.8 Armour
 - Level 2.1 Dodging
 + Level 3.7 Invocations


You had 5 spell levels left.
You didn't know any spells.
Your spell library contained the following spells:

 Spells                   Type           Power      Damage    Failure   Level
 Jinxbite                 Hex            0%         N/A       61%         2
 Yara's Violent Unravell  Hex/Alch       0%         3d3       100%        5
 Enfeeble                 Hex            0%         N/A       100%        7


Dungeon Overview and Level Annotations

Branches:
Dungeon (5/15)             Temple (1/1) D:4

Altars:
Ashenzari
Cheibriados
Dithmenos
Elyvilon
Gozag
Kikubaaqudgha
Makhleb
Nemelex Xobeh
Okawaru
Qazlal
Trog
Uskayaw
Vehumet
Xom
The Shining One

Annotations:
D:3 2 transporters, Grinder
D:5 Pikel, Sigmund
Temple 2 transporters


Innate Abilities, Weirdness & Mutations

Your spellcasting is much less encumbered by armour.
You can use scrolls of enchantment on lesser artefacts.


Message History

The lemure hits you but does no damage.
You hit the lemure.
The lemure is moderately wounded.
You slash the lemure!
You kill the lemure!
That felt strangely unrewarding.
You hit the lemure. You closely miss Pikel.
You feel less invigorated.
You slash Pikel!
Pikel is almost dead.
You hit the lemure. You slash the lemure! Pikel misses you.
Sigmund hits you from afar with a +0 scythe.
The lemure hits you! The lemure closely misses you.
You bump into the rock wall.
The lemure hits you but does no damage. The lemure barely misses you.
Pikel hits you with a +1 whip of electrocution.
* * * LOW HITPOINT WARNING * * *
The lemure hits you.
* * * LOW HITPOINT WARNING * * *
You closely miss Pikel.
Pikel is almost dead.
You closely miss the lemure. x2; You hit the lemure.
Sigmund says, "You will soon forget everything."
Sigmund hits you from afar with a +0 scythe.
* * * LOW HITPOINT WARNING * * *
Unknown command.
You're too confused to move!
The lemure barely misses you. The lemure hits you.
* * * LOW HITPOINT WARNING * * *
Pikel hits you but does no damage. The lemure barely misses you.
You bump into the rock wall.
You feel a strong urge to attack something.
Pikel hits you but does no damage. The lemure hits you but does no damage.
The lemure hits you.
* * * LOW HITPOINT WARNING * * *
The lemure hits you but does no damage. Sigmund completely misses you.
You bump into the rock wall.
You bump into the rock wall.
You feel your anger nearly subside.
You are no longer berserk.
You are exhausted.
You feel yourself slow down. The lemure hits you!
You die...

....... ........ ....... ##
### ##..#.### ..# #.#
#.......# ####.###.####
#.......#
............########.......#
#.<..........@.@5.........#
#............#.5K5.#†......#
#..................#..(....#
#........###.#.(...#.......#
#........# #.......#....).<#
.........# ##.##.##..##.####
.........# #..#.##.###.#
......##.# ##.#.##.# #.# #..
...##.# #.#


You could see Pikel, 3 lemures and Sigmund (invisible).

Vanquished Creatures
  An ogre (D:4)
  A centaur (D:5)
  A lemure (D:5)
  3 bombardier beetles
  A jelly (D:4)
  6 adders
  4 dart slugs
  5 ribbon worms
  15 orcs
  9 ball pythons
  8 bats
  5 endoplasms
  9 giant cockroaches
  5 goblins
  5 hobgoblins
  3 quokkas
  3 frilled lizards
  8 kobolds
  7 rats
99 creatures vanquished.

Vanquished Creatures (others)
  A quokka (D:3)
  A bat (D:3)
2 creatures vanquished.

Grand Total: 101 creatures vanquished

Notes
Turn   | Place    | Note
-------+----------+-------------------------------------------
     0 | D:1      | Cedruin the Mountain Dwarf Monk began the quest for the
                  | Orb.
     0 | D:1      | Reached XP level 1. HP: 19/19 MP: 1/1
   128 | D:1      | Reached XP level 2. HP: 22/26 MP: 2/2
   132 | D:1      | Reached skill level 1 in Armour
   628 | D:2      | Reached XP level 3. HP: 33/33 MP: 3/3
  1363 | D:3      | Found an iron altar of Okawaru.
  1379 | D:3      | Became a worshipper of Warmaster Okawaru
  1379 | D:3      | Reached * piety under Okawaru
  1379 | D:3      | Reached ** piety under Okawaru
  1518 | D:3      | Found a transporter.
  1521 | D:3      | Found a white marble altar of Elyvilon.
  1521 | D:3      | Found a transporter.
  1522 | D:3      | Noticed Grinder
  1798 | D:3      | Reached XP level 4. HP: 34/40 MP: 4/4
  1857 | D:3      | Reached skill level 1 in Invocations
  2338 | D:3      | Reached XP level 5. HP: 35/47 MP: 4/6
  2824 | D:4      | Reached skill level 5 in Axes
  2928 | D:4      | Found a staircase to the Ecumenical Temple.
  2986 | Temple   | Found a transporter.
  2986 | Temple   | Found a transporter.
  2986 | Temple   | Found a transporter.
  2986 | Temple   | Found a transporter.
  2986 | Temple   | Entered the Ecumenical Temple
  3209 | D:4      | Noticed an ogre
  3217 | D:4      | Killed an ogre
  3218 | D:4      | Reached skill level 5 in Fighting
  3218 | D:4      | Reached XP level 6. HP: 40/56 MP: 5/8
  3725 | D:5      | Entered Level 5 of the Dungeon
  3725 | D:5      | Noticed Sigmund
  3818 | D:5      | Noticed Pikel
  3857 | D:5      | Slain by a lemure

Illustrated notes

Levels and vault maps discovered:
D:1:      ebering_trefoil_3fold, layout_basic, minmay_vboxes
D:2:      layout_loops_ring
D:3:      minmay_razor_zed, layout_loops_corners,
          mainiacjoe_overflow_six_doors_small, elyvilon_altar_4,
          minmay_misc_feat_roman, uniq_grinder
D:4:      layout_loops_ring, temple_hall
D:5:      cheibrodos_fzero, layout_rooms, uniq_pikel, uniq_sigmund
Temple:   hellmonk_temple_divided_pantheon

Skill      XL: |  1  2  3  4  5 |
---------------+----------------+-----
Armour         | 1 2 3 |  3.8
Axes           | 4 5 |  5.7
Fighting       | 4 5 |  5.3
Invocations    | 1 3 |  3.7
Dodging        | |  2.1

Action                     |  1- 3 |  4- 6 || total
---------------------------+-------+-------++-------
  Melee: Hand axe          |   137 |   198 ||   335
  Throw: Dart              |       |     6 ||     6
 Invoke: Heroism           |       |     2 ||     2
    Use: Scroll            |     4 |     6 ||    10
         Potion            |       |     6 ||     6
 Armour: Ring mail         |    79 |   167 ||   246
  Dodge: Dodged            |    71 |   121 ||   192

Table legend: (Time is in decaauts)
 A = Elapsed time spent in this place.
 B = Non-inter-level travel time spent in this place.
 C = Inter-level travel time spent in this place.
 D = Time resting spent in this place.
 E = Time spent auto-exploring this place.
 F = Levels seen in this place.
 G = Mean time per level.
                   A        B        C        D        E       F      G
               +--------+--------+--------+--------+--------+-----+--------+
         Total |   3878 |   3687 |    191 |    134 |   2777 |   6 |  646.3 |
       Dungeon |   3877 |   3686 |    191 |    134 |   2777 |   5 |  775.4 |
        Temple |      1 |      1 |      0 |      0 |      0 |   1 |    1.0 |
               +--------+--------+--------+--------+--------+-----+--------+

Top non-repeatable levels by time:
     D:3: 1365 daAuts
     D:4: 1089 daAuts
     D:2: 807 daAuts
     D:1: 528 daAuts
     D:5: 86 daAuts
  Temple: 1 daAuts
